 Dungeon Crawl Stone Soup version 0.30-a0-930-gb9d0489357 (webtiles) character file.

Game seed: 14134511671299564706

40 DeathPants the Cutter (level 3, -3/18 HPs)
             Began as a Vine Stalker Gladiator on Mar 23, 2023.
             Succumbed to Sigmund's poison
             ... on level 2 of the Dungeon.
             The game lasted 00:04:48 (1041 turns).

DeathPants the Cutter (Vine Stalker Gladiator)      Turns: 1041, Time: 00:04:48

Health: -3/18      AC:  7    Str: 15    XL:     3   Next: 50%
Magic:  0/4        EV: 13    Int:  9    God:
Gold:   68         SH:  0    Dex: 19    Spells: 2/2 levels left

rFire   . . .      SeeInvis .    a - +0 rapier
rCold   . . .      Faith    .    (no shield)
rNeg    . . .      Spirit   +    b - +0 leather armour
rPois   .          Reflect  .    (helmet restricted)
rElec   .          Rampage  .    (no cloak)
rCorr   .                        o - +2 pair of gloves
Will    .....                    j - +0 pair of boots
Stlth   ++                       (no amulet)
HPRegen 0.23/turn                (no ring)
MPRegen 0.09/turn                (no ring)

@: lethally poisoned (-3 -> -17), attractive
A: fangs 2, magic shield, antimagic bite, no potion heal 2, horns 1, agile 1,
wild magic 1
a: no special abilities


You were on level 2 of the Dungeon.
You visited 1 branch of the dungeon, and saw 2 of its levels.

You collected 68 gold pieces.

Inventory:

Hand Weapons
 a - a +0 rapier (weapon)
Missiles
 d - 3 throwing nets (quivered)
 e - a javelin
Armour
 b - a +0 leather armour (worn)
 c - a +0 helmet
 j - a +0 pair of boots (worn)
 o - a +2 pair of gloves (worn)
Scrolls
 f - a scroll of fear {unknown}
 h - a scroll of noise {unknown}
 i - 2 scrolls of identify {unknown}
 k - a scroll of enchant armour {unknown}
 l - a scroll of immolation {unknown}
 m - a scroll of vulnerability {unknown}
 n - a scroll of blinking {unknown}
Potions
 p - a potion of magic


   Skills:
 + Level 2.2 Fighting
 + Level 3.1 Short Blades
 - Level 1.7 Throwing
 + Level 2.7 Dodging
 + Level 1.9 Stealth


You had 2 spell levels left.
You didn't know any spells.
Your spell library contained the following spells:

 Spells                   Type           Power      Damage    Failure   Level
 Freeze                   Ice            0%         1d3       54%         1
 Sandblast                Erth           0%         2d4       54%         1
 Ensorcelled Hibernation  Hex/Ice        0%         N/A       67%         2
 Passwall                 Tmut/Erth      0%         N/A       67%         2
 Frozen Ramparts          Ice            0%         1d1       88%         3
 Hailstorm                Conj/Ice       0%         3d3       88%         3
 Spider Form              Tmut/Pois      0%         N/A       88%         3
 Stone Arrow              Conj/Erth      0%         3d7       88%         3
 Anguish                  Hex/Necr       0%         N/A       99%         4


Dungeon Overview and Level Annotations

Branches:
Dungeon (2/15)

Altars:

Shops:
D:1 !*

Annotations:
D:2 Sigmund


Innate Abilities, Weirdness & Mutations

You have extremely sharp teeth.
When hurt, damage is shared between your health and your magic reserves.
Your bite disrupts and absorbs the magic of your enemies.
Potions cannot restore your health.
You have a pair of small horns on your head.
You are agile. (Dex +4, Str/Int -1)
Your spells are a little harder to cast, but a little more powerful.


Message History

The goblin hits you but does no damage.
You hit the goblin. You bite the goblin. You drain its power.
The goblin is heavily wounded.
Sigmund casts a spell.
Sigmund flickers and vanishes!
Deactivating autopickup; reactivate with Ctrl-A.
The goblin barely misses you.
You barely miss the goblin.
The goblin is heavily wounded.
The goblin hits you but does no damage.
You hit the goblin.
You kill the goblin!
A puff of flame appears from out of thin air!
The puff of flame hits you.
A magic dart appears from out of thin air!
The magic dart hits you!
* * * LOW HITPOINT WARNING * * *
A magic dart appears from out of thin air!
The magic dart hits you.
* * * LOW HITPOINT WARNING * * *
It was a potion of magic.
Magic courses through your body.
It was a potion of attraction.
You feel attractive to monsters. Something hits you.
* * * LOW HITPOINT WARNING * * *
Something is attracted toward you.
It was a potion of mutation.
You feel extremely strange. A pair of horns grows on your head!
Your +0 helmet falls away!
You feel less in control of your magic.
You feel agile.
You closely miss something. Your bite misses something.
Something hits you but does no damage.
You closely miss something. Your bite misses something.
Something barely misses you.
You hit something. You headbutt something! Your bite misses something.
You hit something. Your headbutt misses something. Something hits you.
* * * LOW HITPOINT WARNING * * *
You are lethally poisoned!
You hit something. Your headbutt misses something. You bite something.
You die...

#.##.#
#..###### #.#
## #.......#
#.# ##.####.#
#.###########.#
#.............#
#..#
########.####
...#### #....#
....>.. ####.#
##.#### #@# #
#.# #.# #.#
#....!..#
........###
........#
........#
........#


There were no monsters in sight!

Vanquished Creatures
  An adder (D:2)
  6 ball pythons
  2 endoplasms
  2 giant cockroaches
  3 goblins
  A hobgoblin (D:1)
  2 kobolds
  8 bats
  A frilled lizard (D:1)
  2 rats (D:1)
28 creatures vanquished.

Notes
Turn   | Place    | Note
-------+----------+-------------------------------------------
     0 | D:1      | DeathPants the Vine Stalker Gladiator began the quest for
                  | the Orb.
     0 | D:1      | Reached XP level 1. HP: 11/11 MP: 2/2
    42 | D:1      | Found Ypnouq's Distillery.
   360 | D:1      | Reached XP level 2. HP: 15/15 MP: 3/3
   370 | D:1      | Reached skill level 1 in Stealth
   475 | D:1      | Found Naangu Atowk's Assorted Antiques.
   665 | D:1      | Reached skill level 3 in Short Blades
   883 | D:2      | Reached XP level 3. HP: 18/18 MP: 4/4
  1023 | D:2      | Noticed Sigmund
  1036 | D:2      | Gained mutation: You have a pair of small horns on your
                  | head. [potion of mutation]
  1036 | D:2      | Gained mutation: Your spells are a little harder to cast,
                  | but a little more powerful. [potion of mutation]
  1036 | D:2      | Gained mutation: You are agile. (Dex +4, Str/Int -1)
                  | [potion of mutation]
  1041 | D:2      | Succumbed to Sigmund's poison

Illustrated notes

Levels and vault maps discovered:
D:1:      ncdulo_halloftheorcs, layout_loops_ring, serial_shops, shop_statue,
          nicolae_shop_stone, nrook_uturn
D:2:      minmay_chambers_of_twos, layout_loops_ring, uniq_sigmund

Skill      XL: |  1  2 |
---------------+-------+-----
Fighting       | 2 |  2.2
Stealth        | 1 |  1.9
Short Blades   | 3 |  3.1
Throwing       | |  1.7
Dodging        | |  2.7

Action                     || total
---------------------------++-------
  Melee: Rapier            ||    77
         Bite              ||     8
         Punch             ||     1
         Headbutt          ||     1
    Use: Potion            ||     3
   Stab: Sleeping          ||     2
 Armour: Leather armour    ||    32
  Dodge: Dodged            ||    54

Table legend: (Time is in decaauts)
 A = Elapsed time spent in this place.
 B = Non-inter-level travel time spent in this place.
 C = Inter-level travel time spent in this place.
 D = Time resting spent in this place.
 E = Time spent auto-exploring this place.
 F = Levels seen in this place.
 G = Mean time per level.
                   A        B        C        D        E       F      G
               +--------+--------+--------+--------+--------+-----+--------+
         Total |   1046 |   1017 |     29 |      0 |    681 |   2 |  523.0 |
       Dungeon |   1046 |   1017 |     29 |      0 |    681 |   2 |  523.0 |
               +--------+--------+--------+--------+--------+-----+--------+

Top non-repeatable levels by time:
     D:1: 818 daAuts
     D:2: 227 daAuts
